[Event "*** Titled Tuesday Blitz"]
[Site "Chess.com"]
[Date "2019.05.07"]
[Round "4"]
[White "krzyzan94"]
[Black "Sadikhov_Ulvi"]
[Result "0-1"]
[WhiteElo "2648"]
[BlackElo "2682"]
[TimeControl "180+2"]
[EndTime "14:00:02 PDT"]
[Termination "Sadikhov_Ulvi won by checkmate"]

1. d4 d6 2. e4 Nf6 3. Nc3 e5 4.
Nf3 Nbd7 5. g4 Nxg4 6. Rg1 Ngf6 7.
Bc4 h6 8. Qe2 c6 9. Bb3 b5 10.
dxe5 dxe5 11. Bd2 a5 12. a4 b4 13. Nd1 Nc5 14. Nxe5 Nxb3 15. cxb3 Be6 16. Rc1 Rc8 17. Rg3 Qd4 18. Nc4 Qxe4 19. Nde3 Nd5 20. Nxd5 Qxd5 21. f3 Bc5 22. Rxg7 Kf8 23. Rg2 Re8 24. Ne3 Qh5 25.
f4 Qh4+ 26. Qf2 Qxf2+ 27. Kxf2 Bd4 28. Rg3 Bxb3 29. Rxc6 Bxb2 30. Nf5 Be6 31. Be3 Bxf5 32. Bc5+ Re7 33. Re3 Bd4 34. Bxd4 Rxe3 35. Kxe3 Rg8 36. Rxh6 Rg6 37. Rh5 Re6+ 38. Be5 Bg6 39. Rh8+ Ke7 40. Kd4 Rb6 41. Bc7 Rb7 42. Bxa5 b3 43. Bc3 b2 44. Bxb2 Rxb2 45. h4 Rb4+ 46. Ke5 Rxa4 47. Rb8 Ra5+ 48. Kd4 Ra4+ 49. Ke3 Kf6 50. Rb6+ Kg7 51. Rb5 f5 52. h5 Re4+ 53. Kf2 Rxf4+ 54. Kg3 Rg4+ 55. Kh3 Bh7 56. Rb6 Ra4 57. h6+ Kf7 58. Kg3 Rg4+ 59. Kf3 Bg6 60. Rb7+ Kg8 61. Rg7+ Kh8 62. Ke3 Bh7 63. Ra7 Rg6 64.
Kf4 Rxh6 65. Ra8+ Kg7 66. Ra7+ Kf8 67. Ra8+ Kg7 68. Ra7+ Kg6 69. Ra6+ Kh5 70. Ra1 Re6 71. Rh1+ Kg6 72. Ra1 Kf6 73. Ra8 Bg6 74. Rf8+ Bf7 75.
Ra8 Re4+ 76. Kf3 Kg5 77. Kg3 f4+ 78. Kf3 Re3+ 79. Kf2 Kg4 80. Rf8 Bc4 81. Rf6 Re2+ 82. Kg1 Kf3 83. Rc6 Bd5 84. Rc3+ Re3 85. Rc1 Kg3 86. Rf1 f3 87. Rd1 f2+ 88. Kf1 Bg2# 0-1

[Event "*** Titled Tuesday Blitz"]
[Site "Chess.com"]
[Date "2019.05.07"]
[Round "4"]
[White "TristanCalistri"]
[Black "dopolian"]
[Result "0-1"]
[WhiteElo "2179"]
[BlackElo "2247"]
[TimeControl "180+2"]
[EndTime "14:00:06 PDT"]
[Termination "dopolian won on time"]

1. e4 e5 2. Nf3 Nc6 3. Bc4 Bc5 4. c3 Nf6 5. d3 O-O 6. O-O d5 7. exd5 Nxd5 8. Nbd2 Bg4 9. h3 Bh5 10. Ne4 Bb6 11. Ng3 Bg6 12. Re1 f6 13. d4 exd4 14. cxd4 Qd7 15. Nh4 Bf7 16. Nhf5 Rfe8 17. Be3 Kh8 18.
Rc1 Nxe3 19. fxe3 Bxc4 20. Rxc4 g6 21. Nh4 Re7 22. Nf3 Rae8 23. Qd2 Qd5 24. Qd3 Rxe3 25. Rxe3 Rxe3 26. Qxe3 Qxc4 27. Qe8+ Qg8 28. Qe4 Qd8 29.
Kh2 Nxd4 30. Nd2 c6 31. Kh1 Bc7 32. Ngf1 Nf5 33. Qe6 Kg7 34. Ne4 Qe7 35. Qc4 Be5 36. Nc5 Nd6 37. Qb3 b6 38. Ne6+ Kh8 39. Ne3 Ne4 40. Ng4 Nc5 41. Nxc5 Qxc5 42. Qd1 Qe7 43. b3 Bc7 44. Qa1 Kg7 45. Qc3 Qd6 46.
Kg1 h5 47. Nf2 c5 48. Qf3 Qh2+ 49. Kf1 Qe5 50. Qc6 Kh6 51. Qb7 a5 52. Qc8 Qa1+ 53.
Ke2 Qxa2+ 54. Kf1 Qb1+ 55. Ke2 Qc2+ 56. Kf1 Qc1+ 57. Ke2 Qb2+ 58. Kf1 Qa1+ 59. Ke2 Qe5+ 60. Kf1 f5 61. Qf8+ Qg7 62. Qc8 Kh7 63. Qe6 b5 64.
h4 a4 65. Nh3 Bd8 66. g3 axb3 67.
Qxb3 Qa1+ 68. Kg2 Qa6 69. Qd5 Bf6 70. Nf4 Qa7 71. Qc6 Bg7 72. Qxg6+ Kg8 73. Qe8+ Bf8 74. Qxh5 Qb7+ 75. Kh3 Qf7 76. Qg5+ Bg7 77. Qd8+ Kh7 78. h5 Bf6 79. Qd3 Be5 80. Ng6 c4 81. Qd8 Bf6 82.
Qb6 c3 83. Qxb5 Bg5 84. Qc6 Bd2 0-1

[Event "*** Titled Tuesday Blitz"]
[Site "Chess.com"]
[Date "2019.05.07"]
[Round "4"]
[White "DanielRensch"]
[Black "ENEASZ"]
[Result "1/2-1/2"]
[WhiteElo "2452"]
[BlackElo "2525"]
[TimeControl "180+2"]
[EndTime "14:00:35 PDT"]
[Termination "Game drawn - insufficient material"]

1. e4 d6 2. d4 Nf6 3. Nc3 e5 4. Nf3 Nbd7 5. a4 Be7 6. h3 O-O 7. Bc4 c6 8. Bb3 b6 9. O-O a6 10. Bg5 Rb8 11. Qe2 b5 12. axb5 axb5 13. d5 cxd5 14. exd5 Nc5 15. Be3 Nxb3 16. cxb3 b4 17.
Nb5 Nxd5 18. Rfd1 Nxe3 19. fxe3 Qb6 20. Na7 Be6 21. Ra6 Qb7 22. Nc6 Ra8 23. Nxe7+ Qxe7 24. Raxd6 Bxb3 25. Rd7 Bxd1 26. Qxd1 Qc5 27. Qd2 Rac8 28. Kh2 Rc7 29. Rd5 Qb6 30. Nxe5 Re8 31. Nf3 Rce7 32. Rd4 b3 33. e4 Rxe4 34. Rd6 Qc7 35. Kg1 Re2 36. Qf4 h6 37. Qg3 Qc5+ 38. Kh1 Qc1+ 39.
Kh2 Qxb2 40. Nd4 R2e5 41. Rd7 Qa1 42. Qf4 R5e7 43. Rxe7 Rxe7 44. Nf5 Qe5 45. Nxe7+ Qxe7 46. Qb8+ Kh7 47. Qxb3 Qe5+ 48. Kh1 f5 49. Qd3 Qe4 50. Qd6 f4 51. Kh2 h5 52. Qd8 Qf5 53. Qh4 Kh6 54.
Qf2 Qe5 55. Qf3 Qd6 56. h4 Qe5 57. Kh3 Qf5+ 58. Kh2 Qg4 59. Qf2 g6 60. Qe1 Qf5 61. Qf2 Qf6 62. Qe1 Qf5 63. Qf2 Qe5 64.
Qf3 Kg7 65. Qb7+ Kf6 66. Qf3 Qe3 67. Qc6+ Kf5 68. Qd7+ Kf6 69. Qd6+ Kf7 70. Qc7+ Kg8 71. Qd8+ Kf7 72. Qg5 Qe4 73. Kg1 Qd4+ 74. Kh2 Qe4 75. Kg1 Qe3+ 76. Kh2 Qf2 77. Kh1 Qe1+ 78. Kh2 Qe4 79.
Kh1 Ke6 80. Kh2 Qf5 81. Qh6 Qg4 82. Kg1 Qd1+ 83. Kh2 Qg4 84. Kg1 Kd5 85. Qf8 Qxh4 86. Qf7+ Ke4 87. Qxg6+ Ke5 88. Qg7+ Qf6 89. Qc7+ Kf5 90.
Kh2 Qe5 91. Qh7+ Ke6 92. Qg8+ Kd6 93. Kh3 Qe6+ 94. Qxe6+ Kxe6 95. Kh4 Kf5 96. Kxh5 f3 97. gxf3 Kf4 98. Kh4 Kxf3 1/2-1/2

[Event "*** Titled Tuesday Blitz"]
[Site "Chess.com"]
[Date "2019.05.07"]
[Round "5"]
[White "Jadeit90"]
[Black "LastHeroJr"]
[Result "0-1"]
[WhiteElo "2377"]
[BlackElo "2484"]
[TimeControl "180+2"]
[EndTime "14:02:52 PDT"]
[Termination "LastHeroJr won by resignation"]

1. g3 e5 2. Bg2 d5 3. c4 Nf6 4. cxd5 Nxd5 5. Nc3 Nb6 6. Nf3 Nc6 7. O-O Be7 8. a4 a5 9. d4 exd4 10. Nb5 Bf6 11.
Bf4 Nd5 12. Nfxd4 Nxd4 13. Nxd4 Nxf4 0-1

[Event "*** Titled Tuesday Blitz"]
[Site "Chess.com"]
[Date "2019.05.07"]
[Round "5"]
[White "OneTrickPony_82"]
[Black "Vusatiuk_Vladimir"]
[Result "0-1"]
[WhiteElo "2338"]
[BlackElo "2190"]
[TimeControl "180+2"]
[EndTime "14:02:54 PDT"]
[Termination "Vusatiuk_Vladimir won by resignation"]

1. d4 Nf6 2. c4 e6 3. Nc3 Bb4 4. Qc2 c5 5. dxc5 O-O 6. g3 Nc6 7. Nf3 Bxc5 8. Bg2 b6 9. O-O Bb7 10. Bf4 d5 11. cxd5 Nxd5 12. Nxd5 Qxd5 13. Ne5 Qxg2+ 14.
Kxg2 Nd4+ 0-1

[Event "*** Titled Tuesday Blitz"]
[Site "Chess.com"]
[Date "2019.05.07"]
[Round "5"]
[White "Eliwood44"]
[Black "dsanchez1973"]
[Result "1-0"]
[WhiteElo "2235"]
[BlackElo "2048"]
[TimeControl "180+2"]
[EndTime "14:04:06 PDT"]
[Termination "Eliwood44 won by resignation"]

1. d4 d5 2. Nf3 c6 3. c4 e6 4. Bf4 Nd7 5. Nbd2 Ngf6 6. h3 Be7 7.
e3 O-O 8. Be2 Re8 9. O-O Nf8 10.
Rc1 dxc4 11. Nxc4 Nd5 12. Bh2 Ng6 13. Qd2 b5 14. Nce5 Nxe5 15. Nxe5 Bb7 16. Nxc6 Qb6 17.
Nxe7+ Rxe7 18. Rc5 Nf6 19. Rfc1 Ne4 20. Qb4 Nxc5 21.
dxc5 Qc6 22. Bf3 Qc8 23. c6 Ba6 24. Qxe7 1-0

[Event "*** Titled Tuesday Blitz"]
[Site "Chess.com"]
[Date "2019.05.07"]
[Round "5"]
[White "r31415"]
[Black "Kimster98"]
[Result "1-0"]
[WhiteElo "2370"]
[BlackElo "2608"]
[TimeControl "180+2"]
[EndTime "14:04:15 PDT"]
[Termination "r31415 won by resignation"]

1. e4 e5 2. Nf3 Nc6 3. Bc4 Bc5 4. c3 Nf6 5. d3 O-O 6. Bb3 d5 7.
Qe2 Re8 8. O-O h6 9. Nbd2 Be6 10. h3 Qd7 11. Rd1 Rad8 12. Nf1 a6 13. Ng3 Bxh3 14.
gxh3 Qxh3 15. Be3 Bxe3 16. Qxe3 Ng4 17. Qe1 Nf6 18. Qf1 Qg4 19. Qg2 dxe4 20. Nxe4 Nxe4 21. Qxg4 1-0

[Event "*** Titled Tuesday Blitz"]
[Site "Chess.com"]
[Date "2019.05.07"]
[Round "5"]
[White "BvsN"]
[Black "Micki-taryan"]
[Result "0-1"]
[WhiteElo "2291"]
[BlackElo "3022"]
[TimeControl "180+2"]
[EndTime "14:04:32 PDT"]
[Termination "Micki-taryan won by resignation"]

1. d4 Nf6 2. c4 g6 3. Nc3 Bg7 4. e4 O-O 5. Nge2 c5 6. d5 e6 7.
Ng3 exd5 8. cxd5 h5 9. Bg5 Re8 10. Be2 d6 11. O-O a6 12. a4 Qc7 13. Qd2 Nbd7 14. f3 Nh7 15. Bh6 Bd4+ 16. Be3 Bxe3+ 17.
Qxe3 h4 18. Nh1 Rb8 19. Nf2 Ndf6 20. Qd2 Bd7 21. Rac1 Qd8 22. f4 b5 23. axb5 axb5 24. Bd3 c4 25. Ne2 cxd3 0-1

[Event "*** Titled Tuesday Blitz"]
[Site "Chess.com"]
[Date "2019.05.07"]
[Round "5"]
[White "Benjoneliere44"]
[Black "SantoBlue"]
[Result "0-1"]
[WhiteElo "2493"]
[BlackElo "2775"]
[TimeControl "180+2"]
[EndTime "14:04:35 PDT"]
[Termination "SantoBlue won by resignation"]

1. Nf3 Nf6 2. c4 e6 3. e3 c5 4. b3 b6 5. Bb2 Bb7 6. Be2 g6 7. O-O Bg7 8. d3 O-O 9. Nbd2 d6 10.
Qc2 Nbd7 11. h3 Qe7 12. Rfd1 a6 13. Rac1 e5 14. Ne4 Nh5 15. Nc3 f5 16. Nd5 Qd8 17.
Nd2 Nhf6 18. Nxf6+ Nxf6 19. Bf3 Ra7 20. Bxb7 Rxb7 21.
d4 cxd4 22. exd4 e4 23. d5 Nh5 24. Bxg7 Rxg7 25. b4 Nf4 26. Nf1 Qg5 27. Ng3 h5 28. c5 h4 29. cxb6 hxg3 30. fxg3 Qxg3 31. Kf1 e3 32.
Re1 e2+ 33. Rxe2 Nxe2 34. Qxe2 Qf4+ 0-1

[Event "*** Titled Tuesday Blitz"]
[Site "Chess.com"]
[Date "2019.05.07"]
[Round "5"]
[White "zurzan"]
[Black "Komissarov_alex"]
[Result "0-1"]
[WhiteElo "1991"]
[BlackElo "2125"]
[TimeControl "180+2"]
[EndTime "14:04:42 PDT"]
[Termination "Komissarov_alex won by resignation"]

1. e4 e5 2. Nf3 Nc6 3. Bc4 Nf6 4.
d3 d5 5. exd5 Nxd5 6. O-O Bc5 7.
Nc3 Nxc3 8. bxc3 O-O 9. Nxe5 Nxe5 10. Bb3 Bg4 11. Qd2 Qh4 12. d4 Nf3+ 13. gxf3 Bd6 14. f4 Bf3 0-1

[Event "*** Titled Tuesday Blitz"]
[Site "Chess.com"]
[Date "2019.05.07"]
[Round "5"]
[White "ChessQueen"]
[Black "harvsp123"]
[Result "1/2-1/2"]
[WhiteElo "2645"]
[BlackElo "2485"]
[TimeControl "180+2"]
[EndTime "14:04:49 PDT"]
[Termination "Game drawn by repetition"]

1. e4 c5 2. c3 Nf6 3. e5 Nd5 4. d4 cxd4 5. Nf3 Nc6 6. cxd4 d6 7. Bc4 dxe5 8. Bxd5 Qxd5 9. Nc3 Qd6 10. d5 Nd4 11. Nxd4 exd4 12. Qxd4 e5 13. Qd3 Bd7 14.
Qg3 Be7 15. O-O O-O 16. Ne4 Qg6 17. Qxe5 Rfe8 18. Ng3 Bf6 19. Qc7 Bb5 20. Rd1 Ba4 21.
Rf1 Bb5 22. Rd1 Ba4 23. Rf1 Bb5 1/2-1/2

[Event "*** Titled Tuesday Blitz"]
[Site "Chess.com"]
[Date "2019.05.07"]
[Round "5"]
[White "ruvat"]
[Black "EuropeanChampion"]
[Result "1/2-1/2"]
[WhiteElo "2337"]
[BlackElo "2330"]
[TimeControl "180+2"]
[EndTime "14:04:52 PDT"]
[Termination "Game drawn by agreement"]

1. d4 Nf6 2. c4 g6 3. Nf3 Bg7 4. g3 d5 5. cxd5 Nxd5 6. Bg2 O-O 7. O-O Nc6 8. Nc3 Nb6 9. e3 e5 10. d5 Ne7 11. e4 Bg4 12. h3 Bxf3 13. Bxf3 c6 14.
Qb3 cxd5 15. Nxd5 Nexd5 16. exd5 Rc8 17. d6 Qxd6 18. Bxb7 Rb8 19. Bg2 Kh8 20. Be3 Nd7 21. Qa4 1/2-1/2

[Event "*** Titled Tuesday Blitz"]
[Site "Chess.com"]
[Date "2019.05.07"]
[Round "5"]
[White "valeriocarnicelli"]
[Black "Keithonsky"]
[Result "1/2-1/2"]
[WhiteElo "2530"]
[BlackElo "2382"]
[TimeControl "180+2"]
[EndTime "14:04:57 PDT"]
[Termination "Game drawn by agreement"]

1. e4 c5 2. Nf3 d6 3. d4 cxd4 4. Nxd4 Nf6 5. Nc3 a6 6. f3 e5 7.
Nb3 Be6 8. Be3 Nbd7 9. Qd2 Rc8 10. O-O-O b5 11. g4 Nb6 12. Qf2 Nc4 13. Bxc4 bxc4 14. Na5 Qxa5 15. Bb6 Qb4 16. a3 Qxc3 17. bxc3 d5 18. g5 Bxa3+ 19. Kd2 Nd7 20. Ra1 Be7 21. h4 d4 22. cxd4 c3+ 23. Kd1 Nxb6 24. d5 Bc5 25. Qe2 Bd7 26. Qxa6 O-O 27. Qd3 Ra8 28. Ke2 Bd4 29.
Rhb1 Na4 1/2-1/2

[Event "*** Titled Tuesday Blitz"]
[Site "Chess.com"]
[Date "2019.05.07"]
[Round "5"]
[White "j_coca"]
[Black "el-reptiliano"]
[Result "0-1"]
[WhiteElo "2017"]
[BlackElo "2171"]
[TimeControl "180+2"]
[EndTime "14:05:17 PDT"]
[Termination "el-reptiliano won by resignation"]

1. f4 d5 2. Nf3 c5 3. e3 Nc6 4. d4 e6 5. c3 Bd6 6. Bd3 Nge7 7. O-O O-O 8. Ne5 Nf5 9. Rf3 Nce7 10. Rh3 h6 11. Nd2 Bxe5 12. fxe5 Ng6 13. Kh1 f6 14.
exf6 Qxf6 15. Nf3 e5 16. dxe5 Nxe5 17. Bxf5 Qxf5 18. Qxd5+ Be6 19. Qxc5 Rad8 20. Rg3 Rd1+ 21. Ng1 Rxg1+ 0-1

[Event "*** Titled Tuesday Blitz"]
[Site "Chess.com"]
[Date "2019.05.07"]
[Round "5"]
[White "northridgehawk"]
[Black "MateusViageiro"]
[Result "1-0"]
[WhiteElo "2259"]
[BlackElo "2160"]
[TimeControl "180+2"]
[EndTime "14:05:37 PDT"]
[Termination "northridgehawk won by resignation"]

1. e4 c5 2. Nf3 d6 3. d4 cxd4 4. Nxd4 Nf6 5. Nc3 a6 6. h3 e5 7.
Nde2 Be6 8. g4 d5 9. exd5 Nxd5 10. Bg2 Nxc3 11. Qxd8+ Kxd8 12. Nxc3 Kc7 13. Nd5+ Bxd5 14. Bxd5 f6 15. O-O Nc6 16. c3 Rd8 17. Be4 Bc5 18.
b4 Ba7 19. a4 Ne7 20. b5 Nd5 21. Ba3 Nf4 22. Kh2 Rd2 23. Kg3 h5 24. Rad1 hxg4 25. Rxd2 Rxh3+ 26. Kxg4 g6 27. Bd6+ Kc8 28. Bxg6 1-0

[Event "*** Titled Tuesday Blitz"]
[Site "Chess.com"]
[Date "2019.05.07"]
[Round "5"]
[White "Hydrargyrum_Girl"]
[Black "Satscho"]
[Result "1/2-1/2"]
[WhiteElo "2388"]
[BlackElo "2294"]
[TimeControl "180+2"]
[EndTime "14:05:38 PDT"]
[Termination "Game drawn by repetition"]

1. e3 Nf6 2. Ne2 g6 3. g3 Bg7 4.
Bg2 O-O 5. d3 d6 6. O-O e5 7. Nd2 Nc6 8. h3 Be6 9. e4 Qd7 10. Kh2 Ne8 11. f4 f5 12. fxe5 dxe5 13. exf5 gxf5 14. Nf3 Kh8 15. Ng5 Bg8 16. Nc3 Rd8 17.
Qh5 Nf6 18. Qe2 Nd4 19. Qd1 c6 20. Nf3 Nd5 21. Nxd4 exd4 22. Nxd5 Bxd5 23. Bxd5 Qxd5 24. Bg5 Rde8 25. Qd2 c5 26. Rae1 b5 27. Bh6 Qf7 28. Bxg7+ Qxg7 29. Rxe8 Rxe8 30. Re1 Re5 31. Rxe5 Qxe5 32.
h4 c4 33. Qh6 Qe2+ 34. Kh3 Qg4+ 35. Kh2 Qe2+ 36. Kh3 Qg4+ 37. Kg2 Qe2+ 38. Kh3 Qg4+ 39. Kh2 Qe2+ 1/2-1/2

[Event "*** Titled Tuesday Blitz"]
[Site "Chess.com"]
[Date "2019.05.07"]
[Round "5"]
[White "NM2019"]
[Black "FearNoEvil12"]
[Result "1-0"]
[WhiteElo "2155"]
[BlackElo "2019"]
[TimeControl "180+2"]
[EndTime "14:06:13 PDT"]
[Termination "NM2019 won by resignation"]

1. c4 Nf6 2. Nf3 g6 3. g3 Bg7 4.
Bg2 d6 5. O-O c6 6. d4 O-O 7.
Nc3 Qa5 8. Qd3 Bf5 9. e4 Bc8 10. d5 c5 11. Bd2 Qd8 12. Rfe1 e5 13. dxe6 Bxe6 14. Nb5 Nc6 15. Qxd6 Bxc4 16. Qxc5 Be6 17. Rad1 a6 18. Bc3 Qb8 19. Nbd4 Nxd4 20. Bxd4 Rc8 21. Qa3 Qc7 22. b3 Qc2 23. Rd2 Qc6 24. Ne5 Qc7 25. Nd3 Ng4 26. Bxg7 Kxg7 27. h3 Nf6 28. Nf4 Re8 29. Rc1 Qb6 30. Rd6 Qa7 31. Nxe6+ fxe6 32. Rc7+ Kh8 33. Qb2 Rf8 34. Rxe6 Qb8 35. Rxf6 1-0

[Event "*** Titled Tuesday Blitz"]
[Site "Chess.com"]
[Date "2019.05.07"]
[Round "5"]
[White "NateSolon"]
[Black "Thee-Chessboy"]
[Result "0-1"]
[WhiteElo "2495"]
[BlackElo "2372"]
[TimeControl "180+2"]
[EndTime "14:06:19 PDT"]
[Termination "Thee-Chessboy won by resignation"]

1. d4 Nf6 2. Bf4 c5 3. d5 d6 4. Nc3 g6 5. e4 a6 6. a4 Bg7 7. Nf3 Bg4 8. Be2 Nbd7 9. Nd2 Bxe2 10. Qxe2 O-O 11. O-O Ne8 12. Nc4 Nc7 13. a5 Nb5 14. Na4 Nd4 15. Qd3 f5 16. f3 fxe4 17. fxe4 Rxf4 18.
Rxf4 Ne5 19. Nxe5 Bxe5 20. Rff1 Qxa5 21. c3 Nb3 22. Ra3 c4 23. Qxc4 Nd2 0-1

[Event "*** Titled Tuesday Blitz"]
[Site "Chess.com"]
[Date "2019.05.07"]
[Round "5"]
[White "NeverEverForever1990"]
[Black "Mimsychess"]
[Result "1-0"]
[WhiteElo "2430"]
[BlackElo "2337"]
[TimeControl "180+2"]
[EndTime "14:06:19 PDT"]
[Termination "NeverEverForever1990 won by resignation"]

1. Nf3 d5 2. d4 Nf6 3. Bf4 c5 4. e3 e6 5. Nbd2 Bd6 6. dxc5 Bxf4 7. exf4 Qc7 8. g3 Qxc5 9. Bd3 O-O 10. c3 Nc6 11.
O-O b6 12. Qe2 Bb7 13. Nb3 Qe7 14. Nbd4 Nxd4 15. Nxd4 Rfe8 16. Rae1 Rac8 17. Bb5 Red8 18. f5 a6 19. Bd3 Ne4 20. fxe6 fxe6 21. f3 Nc5 22.
Nxe6 Nxe6 23. Qxe6+ Qxe6 24. Rxe6 d4 25. c4 Rc6 26.
Re7 Ba8 27. Rfe1 Rf6 28. f4 Kf8 29. Ra7 Rf7 30. Rxa6 g5 31. f5 1-0

[Event "*** Titled Tuesday Blitz"]
[Site "Chess.com"]
[Date "2019.05.07"]
[Round "5"]
[White "Koksal06"]
[Black "saraswathii"]
[Result "1-0"]
[WhiteElo "2479"]
[BlackElo "2280"]
[TimeControl "180+2"]
[EndTime "14:06:29 PDT"]
[Termination "Koksal06 won by resignation"]

1. d4 Nf6 2. c4 g6 3. Nc3 Bg7 4. e4 d6 5. Nf3 O-O 6. Be2 Nbd7 7.
Be3 e5 8. O-O Re8 9. dxe5 Nxe5 10.
Nxe5 dxe5 11. Qc2 Be6 12. Rad1 Qe7 13. Nd5 Nxd5 14. cxd5 Bc8 15. Rc1 c6 16. dxc6 bxc6 17. Qxc6 Be6 18. Qa4 Reb8 19. b3 Rd8 20. Qa5 f5 21. Rc7 Qf6 22. Rxa7 Rxa7 23. Qxa7 fxe4 24. Qa4 Bf5 25. Rd1 Rxd1+ 26. Bxd1 h6 27. Bc2 Qd6 28. h3 Qd5 29. g4 Bd7 30. Qxe4 1-0

[Event "*** Titled Tuesday Blitz"]
[Site "Chess.com"]
[Date "2019.05.07"]
[Round "5"]
[White "SoltaniciR"]
[Black "krzyzan94"]
[Result "1-0"]
[WhiteElo "2514"]
[BlackElo "2637"]
[TimeControl "180+2"]
[EndTime "14:06:34 PDT"]
[Termination "SoltaniciR won by resignation"]

1. e4 d5 2. exd5 Qxd5 3. Nc3 Qd8 4. Nf3 Nf6 5. d4 g6 6. g3 Bg7 7. Bg2 O-O 8. O-O c6 9. Re1 Nd5 10. Bg5 f6 11. Bd2 Na6 12. Ne4 Bf5 13. c4 Ndc7 14.
Qb3 Rb8 15. Rad1 Kh8 16. Nh4 Be6 17. Nc5 Bf7 18. Qc2 Nxc5 19. dxc5 e5 20. Ba5 Qe7 21. Rd6 Ne6 22. Bb4 Nd4 23. Rxd4 b6 24. Rd6 bxc5 25.
Bxc5 Qb7 26. b3 Rfc8 27. Red1 Bf8 28. Rd7 Rc7 29. Rxc7 Qxc7 30. Bxf8 Rxf8 31. Qe4 f5 32. Qxc6 Qe7 33. Qd6 Qe8 34. Bc6 Qb8 35. Qxb8 Rxb8 36.
Rd7 Be6 37. Rxa7 Rb6 38. Bd5 e4 39. Bxe6 Rxe6 40. c5 Re5 41. b4 Rd5 42. c6 Rd1+ 43.
Kg2 Rc1 44. c7 1-0

[Event "*** Titled Tuesday Blitz"]
[Site "Chess.com"]
[Date "2019.05.07"]
[Round "5"]
[White "FancyPlaySyndrome"]
[Black "rookoco"]
[Result "0-1"]
[WhiteElo "2522"]
[BlackElo "2766"]
[TimeControl "180+2"]
[EndTime "14:06:36 PDT"]
[Termination "rookoco won by resignation"]

1. e4 c5 2. Nf3 d6 3. d4 cxd4 4.
Nxd4 Nf6 5. Nc3 a6 6. h3 e5 7. Nde2 h5 8. Bg5 Be6 9. Qd2 Nbd7 10. g3 Rc8 11. f4 b5 12. f5 Bc4 13.
Bg2 Be7 14. a3 a5 15. Nd1 b4 16. Nf2 Qb6 17. axb4 axb4 18. O-O Bxe2 19. Qxe2 Nxe4 20. Be3 Nec5 21. Ne4 d5 22. Nxc5 Bxc5 23. Bxc5 Qxc5+ 24. Rf2 e4 25. Kh2 Nf6 26. Rf4 O-O 0-1

[Event "*** Titled Tuesday Blitz"]
[Site "Chess.com"]
[Date "2019.05.07"]
[Round "5"]
[White "Al_Shima"]
[Black "Tash_Boy"]
[Result "0-1"]
[WhiteElo "2415"]
[BlackElo "2628"]
[TimeControl "180+2"]
[EndTime "14:06:40 PDT"]
[Termination "Tash_Boy won by resignation"]

1. b3 c5 2. Bb2 Nc6 3. e3 b6 4.
Nf3 Bb7 5. Be2 e6 6. c4 Nf6 7.
Nc3 Be7 8. O-O O-O 9. d4 cxd4 10. Nxd4 a6 11. Bf3 Qb8 12. Rc1 Rc8 13. Qe2 Ne5 14.
Bxb7 Qxb7 15. Rfd1 Rab8 16. h3 h6 17. Rc2 Rc7 18.
Rcd2 Rbc8 19. e4 b5 20. cxb5 Rxc3 21. bxa6 Qa8 22. Bxc3 Rxc3 23. f3 Bc5 24. Kh1 Nh5 25. Qe1 Qxa6 26. Rb2 Rd3 27. Rbd2 Bb4 0-1

[Event "*** Titled Tuesday Blitz"]
[Site "Chess.com"]
[Date "2019.05.07"]
[Round "5"]
[White "monalize"]
[Black "Naruto-K"]
[Result "1-0"]
[WhiteElo "2341"]
[BlackElo "2510"]
[TimeControl "180+2"]
[EndTime "14:06:46 PDT"]
[Termination "monalize won on time"]

1. e4 e6 2. d4 d5 3. Nd2 Be7 4.
Ngf3 Nf6 5. Bd3 c5 6. dxc5 dxe4 7. Bxe4 Nxe4 8. Nxe4 Qxd1+ 9. Kxd1 O-O 10. Be3 Nd7 11. b4 e5 12. Nc3 f5 13. Nd5 Bd8 14.
c3 f4 15. Bd2 g5 16. Re1 Re8 17. Kc2 g4 18. Nd4 Kf7 19. Nb5 Kg6 20. Nd6 Rf8 21. f3 h5 22. Re2 Rb8 23. Rae1 Bg5 24. Nc4 1-0

[Event "*** Titled Tuesday Blitz"]
[Site "Chess.com"]
[Date "2019.05.07"]
[Round "5"]
[White "enriquetejedor"]
[Black "Keaton87"]
[Result "0-1"]
[WhiteElo "2572"]
[BlackElo "2556"]
[TimeControl "180+2"]
[EndTime "14:06:53 PDT"]
[Termination "Keaton87 won by resignation"]

1. e4 c5 2. Nc3 Nc6 3. Nf3 Nf6 4. d4 cxd4 5. Nxd4 e5 6. Ndb5 h6 7. Nd5 Nxd5 8. exd5 a6 9. dxc6 axb5 10. cxd7+ Bxd7 11. Be2 Bc6 12. O-O Qxd1 13. Rxd1 Bc5 14. Bd2 Ke7 15. Kf1 Rhd8 16. a3 f5 17. Bb4 Bxb4 18.
axb4 Rxd1+ 19. Rxd1 Ra2 20. Rb1 Kf6 21. f3 e4 22. Kf2 Ke5 23. Ke3 f4+ 24. Kd2 e3+ 25. Kc3 g5 26. Rd1 Ra8 27. h4 Rc8 28. Kb3 Bd5+ 29. c4 Bxc4+ 30. Bxc4 Rxc4 31. hxg5 hxg5 32. Rd7 Rc6 33. Rd1 Rd6 34. Rc1 Rd3+ 0-1

[Event "*** Titled Tuesday Blitz"]
[Site "Chess.com"]
[Date "2019.05.07"]
[Round "5"]
[White "PlotnikovPavel"]
[Black "superstructure"]
[Result "0-1"]
[WhiteElo "2345"]
[BlackElo "2334"]
[TimeControl "180+2"]
[EndTime "14:06:54 PDT"]
[Termination "superstructure won on time"]

1. e4 e5 2. Nf3 Nc6 3. Nc3 Nf6 4. Be2 d5 5. exd5 Nxd5 6. O-O Nxc3 7. bxc3 Bd6 8. d4 exd4 9. cxd4 O-O 10. c3 h6 11.
Re1 Qf6 12. Nd2 Bf5 13. Bf3 Rfe8 14. g3 Qg6 15. Bb2 Bc2 16. Qc1 Bd3 17. c4 Bb4 18. Bc3 Rxe1+ 19. Qxe1 Bxc3 20. Rc1 Bxd2 21. Qxd2 Nxd4 22.
Bxb7 Rb8 23. Bd5 Ne2+ 0-1

[Event "*** Titled Tuesday Blitz"]
[Site "Chess.com"]
[Date "2019.05.07"]
[Round "5"]
[White "jefferyx"]
[Black "Sutormin_DA"]
[Result "1-0"]
[WhiteElo "2910"]
[BlackElo "2534"]
[TimeControl "180+2"]
[EndTime "14:06:59 PDT"]
[Termination "jefferyx won by resignation"]

1. d4 Nf6 2. c4 g6 3. Nc3 Bg7 4. e4 d6 5. Nf3 O-O 6. Be2 e5 7. O-O Nbd7 8. d5 Nc5 9. Nd2 a5 10. b3 Ne8 11. Ba3 b6 12. Qc2 f5 13. exf5 gxf5 14.
Rae1 Kh8 15. f4 e4 16. Nd1 Bd4+ 17. Kh1 Qf6 18. Bb2 Bd7 19. Bxd4 Qxd4 20. Nb1 Nf6 21. Nf2 Na6 22. Rd1 Qe3 23. Nh3 a4 24. Qb2 axb3 25. axb3 Nc5 26. Nc3 h6 27. Rfe1 Na6 28.
b4 b5 29. c5 dxc5 30. Bxb5 Qxe1+ 31. Rxe1 cxb4 32. Bxd7 bxc3 33. Qxc3 Rad8 34. Bxf5 Rxd5 35. Bxe4 Rc5 36. Qb2 Kg7 37. Bf3 Rf5 38. Re7+ Rf7 39. Rxf7+ Kxf7 40. Qa2+ 1-0

[Event "*** Titled Tuesday Blitz"]
[Site "Chess.com"]
[Date "2019.05.07"]
[Round "5"]
[White "hansen"]
[Black "Gubajdullin"]
[Result "1-0"]
[WhiteElo "2777"]
[BlackElo "2546"]
[TimeControl "180+2"]
[EndTime "14:07:02 PDT"]
[Termination "hansen won by resignation"]

1. e4 c6 2. d4 d5 3. e5 Bf5 4. Nf3 e6 5. Be2 Nd7 6. O-O h6 7. Nbd2 Ne7 8. Nb3 Bh7 9. c3 Ng6 10. Be3 Be7 11. Ne1 O-O 12. Bd3 Qc7 13. f4 c5 14. f5 c4 15. fxg6 fxg6 16. Qg4 Rxf1+ 17.
Bxf1 cxb3 18. Qxe6+ Kh8 19. Qxe7 bxa2 20. e6 Qb6 21. exd7 Qxb2 22. Bf4 Qxc3 23. Be5 Qe3+ 24.
Kh1 Rg8 25. d8=Q Qxe5 26. dxe5 1-0

[Event "*** Titled Tuesday Blitz"]
[Site "Chess.com"]
[Date "2019.05.07"]
[Round "5"]
[White "albano87"]
[Black "Babas"]
[Result "0-1"]
[WhiteElo "2214"]
[BlackElo "2432"]
[TimeControl "180+2"]
[EndTime "14:07:06 PDT"]
[Termination "Babas won by checkmate"]

1. d4 Nf6 2. Nf3 c5 3. g3 cxd4 4. Qxd4 Nc6 5. Qa4 e5 6. Bg2 e4 7. Nd4 d5 8. O-O Bd7 9. Rd1 Bc5 10. Nxc6 Bxc6 11. Qb3 O-O 12. Be3 Qe7 13. Bxc5 Qxc5 14. e3 a5 15. Qc3 Qe7 16. Nd2 a4 17. Qd4 h5 18. h4 Rac8 19. Bh3 Bd7 20. Bxd7 Qxd7 21.
c3 Qh3 22. Qe5 Ng4 23. Qxe4 Qh2+ 24. Kf1 Qxf2# 0-1